 Dungeon Crawl Stone Soup version 0.31-a0-851-g7ff8af7976 (webtiles) character file.

Game seed: 10547120705962763540

140 Hubris850 the Stinger (level 5, 0/38 HPs)
             Began as a Draconian Venom Mage on Oct 6, 2023.
             Was a Follower of Okawaru.
             Slain by a river rat (4 damage)
             ... summoned by Eustachio
             ... on level 4 of the Dungeon.
             The game lasted 00:07:50 (2792 turns).

Hubris850 the Stinger (Draconian Venom Mage)        Turns: 2792, Time: 00:07:50

Health: 0/38       AC:  6    Str: 10    XL:     5   Next: 2%
Magic:  1/9        EV: 12    Int: 17    God:    Okawaru [*.....]
Gold:   98         SH:  0    Dex: 12    Spells: 7/10 levels left

rFire   . . .        e - +0 short sword
rCold   . . .        (no shield)
rNeg    . . .        (body armour unavailable)
rPois   .            (helmet restricted)
rElec   .            (no cloak)
rCorr   .            d - +0 pair of gloves
SInv    .            (no boots)
Will    .....        (no amulet)
Stlth   ++           (no ring)
HPRegen 0.26/turn    (no ring)
MPRegen 0.11/turn

%: no passive effects
@: no status effects
A: AC +5, unfitting armour, cold-blooded
a: Renounce Religion, Heroism


You were on level 4 of the Dungeon.
You worshipped Okawaru.
Okawaru was aware of your devotion.
You visited 1 branch of the dungeon, and saw 4 of its levels.

You collected 98 gold pieces.

Inventory:

Hand Weapons
 c - a +0 club
 e - a +0 short sword (weapon)
Missiles
 b - 4 darts of dispersal
Armour
 d - a +0 pair of gloves (worn)
Talismans
 o - a beast talisman
Scrolls
 f - a scroll of fear {unknown}
 g - a scroll of brand weapon {unknown}
 h - 5 scrolls of identify {unknown}
 j - 4 scrolls of teleportation {unknown}
 k - a scroll of enchant armour {unknown}
 p - a scroll of enchant weapon {unknown}
 r - a scroll of fog {unknown}
Potions
 a - a potion of magic
 i - a potion of brilliance {unknown}
 l - a potion of degeneration {unknown}
 m - a potion of curing {unknown}
 n - 2 potions of heal wounds {unknown}
 q - 3 potions of cancellation {unknown}


   Skills:
 + Level 2.8 Dodging
 - Level 2.0 Stealth
 + Level 3.0 Spellcasting
 - Level 2.0 Transmutations
 + Level 3.9 Poison Magic


You had 7 spell levels left.
You knew the following spells:

 Your Spells              Type           Power      Damage    Failure   Level
a - Sting                 Tmut/Pois      48%        1d5       5%          1
b - Poisonous Vapours     Pois/Air       18%        N/A       12%         2

Your spell library contained the following spells:

 Spells                   Type           Power      Damage    Failure   Level
 Foxfire                  Conj/Fire      8%         2x1d4     17%         1
 Freeze                   Ice            8%         1d3       17%         1
 Kiss of Death            Conj/Necr      8%         2d6       17%         1
 Shock                    Conj/Air       8%         1d3       17%         1
 Mephitic Cloud           Conj/Pois/Air  7%         N/A       30%         3
 Olgreb's Toxic Radiance  Pois           16%        N/A       34%         4
 Confusing Touch          Hex            2%         N/A       45%         3
 Frozen Ramparts          Ice            4%         1d1       45%         3
 Hailstorm                Conj/Ice       2%         3d3       45%         3
 Swiftness                Air            2%         N/A       45%         3
 Airstrike                Air            1%         2d(1-17)  86%         4
 Dispel Undead            Necr           2%         3d7       86%         4
 Plasma Beam              Fire/Air       1%         2x1d11    100%        6
 Starburst                Conj/Fire      1%         6d3       100%        6


Dungeon Overview and Level Annotations

Branches:
Dungeon (4/15)
 Temple: D:4-7

Altars:
Dithmenos
Kikubaaqudgha
Okawaru
Vehumet

Annotations:
D:3 2 transporters
D:4 Eustachio


Innate Abilities, Weirdness & Mutations

Your plain brown scales are hard. (AC +5)
You cannot fit into any form of body armour.
You are cold-blooded and may be slowed by cold attacks.


Message History

You miss Eustachio.
Your tail-slap misses Eustachio.
Eustachio is heavily wounded.
Eustachio hits you with a +0 falchion. The river rat bites you.
You hit Eustachio.
Eustachio is severely wounded.
Eustachio hits you with a +0 falchion! The river rat closely misses you.
You are too injured to fight recklessly!
You are too injured to fight recklessly!
You are too injured to fight recklessly!
Casting: Sting (safe; 5% risk of failure)
Confirm with . or Enter, or press ? or * to list all spells.
Aiming: Sting (safe; 5% risk of failure)
Press: ? - help, Shift-Dir - straight line, f/p - Eustachio
Aim: Eustachio, wielding a +0 falchion and wearing a +0 leather armour (severely wounded, 60% to hit)
The sting misses Eustachio.
The sting hits the bat.
The bat is poisoned.
You kill the bat!
The bat's corpse disappears in a puff of smoke!
Eustachio hits you but does no damage. The river rat barely misses you.
You are too injured to fight recklessly!
You are too injured to fight recklessly!
You are too injured to fight recklessly!
You hit Eustachio.
Eustachio is severely wounded.
The river rat bites you!
* * * LOW HITPOINT WARNING * * *
Eustachio mumbles some strange words.
Eustachio blinks!
The rat bites you but does no damage.
Eustachio gestures wildly while chanting.
Eustachio blinks!
The river rat attacks as it pursues you!
The river rat bites you.
* * * LOW HITPOINT WARNING * * *
You hit the rat.
You kill the rat!
The rat's corpse disappears in a puff of smoke!
The river rat misses you.
There is a stone staircase leading up here.
The river rat bites you.
You die...

###
#..
#@#
#.#
#@#
#r#
#.#
#†#
#.#
#.#
#>#
#.#
#.#


You could see Eustachio and a river rat (summoned).

Vanquished Creatures
  An orc priest (D:3)
  An orc wizard (D:3)
  2 adders
  An ufetubus (D:2)
  3 worms (D:2)
  4 dart slugs
  An orc (D:3)
  3 ball pythons
  5 endoplasms
  A giant cockroach (D:2)
  4 hobgoblins
  4 jackals (D:2)
  A quokka (D:3)
  5 bats
  2 frilled lizards
  5 kobolds
  5 rats
48 creatures vanquished.

Notes
Turn   | Place    | Note
-------+----------+-------------------------------------------
     0 | D:1      | Hubris850 the Draconian Venom Mage began the quest for the
                  | Orb.
     0 | D:1      | Reached XP level 1. HP: 14/14 MP: 3/3
   368 | D:1      | Reached XP level 2. HP: 17/20 MP: 5/5
  1072 | D:2      | Reached XP level 3. HP: 19/26 MP: 6/6
  1175 | D:2      | Learned a level 2 spell: Poisonous Vapours
  1398 | D:2      | Found Ycwaex's Antique Weapon Boutique.
  1464 | D:2      | Found an ancient bone altar of Kikubaaqudgha.
  2048 | D:3      | Noticed a kobold brigand
  2048 | D:3      | Found a shadowy altar of Dithmenos.
  2050 | D:3      | Found a transporter.
  2168 | D:3      | Found a radiant altar of Vehumet.
  2205 | D:3      | Found a transporter.
  2279 | D:3      | Reached XP level 4. HP: 33/33 MP: 2/7
  2401 | D:3      | Found a faded altar of an unknown god.
  2525 | D:3      | Reached XP level 5. HP: 38/38 MP: 5/9
  2593 | D:3      | Prayed at the altar of an unknown god.
  2593 | D:3      | Became a worshipper of Warmaster Okawaru
  2593 | D:3      | Reached * piety under Okawaru
  2760 | D:4      | Noticed Eustachio
  2792 | D:4      | Slain by a river rat

Illustrated notes

Levels and vault maps discovered:
D:1:      dpeg_arrival_arbitrary_c, layout_basic, serial_bayou_crossing
D:2:      cheibrodos_helix_gallery, layout_loops_ring, basic_altar,
          serial_shops, nicolae_shop_trees
D:3:      layout_basic, nicolae_vehumet_altar_sigil,
          gammafunk_temple_overflow_arena, nicolae_ecumenical_lake_church
D:4:      layout_loops_ring, serial_shops, nicolae_shop_scrapyard,
          small_statue_intersection, uniq_crazy_yiuf_cottage, uniq_duvessa,
          uniq_eustachio

Skill      XL: |  1  2  3  4 |
---------------+-------------+-----
Stealth        | 2 |  2.0
Dodging        | 2 |  2.8
Transmutations | 2 |  2.0
Spellcasting   | 3 |  3.0
Poison Magic   | |  3.9

Action                     |  1- 3 |  4- 6 || total
---------------------------+-------+-------++-------
  Melee: Club              |     5 |       ||     5
         Short sword       |    98 |    42 ||   140
         Tailslap          |    13 |     4 ||    17
         Punch             |     3 |       ||     3
   Cast: Sting             |    48 |    23 ||    71
   Stab: Sleeping          |     1 |     1 ||     2
 Armour: Skin              |    66 |    56 ||   122
  Dodge: Dodged            |   116 |    72 ||   188

Table legend: (Time is in decaauts)
 A = Elapsed time spent in this place.
 B = Non-inter-level travel time spent in this place.
 C = Inter-level travel time spent in this place.
 D = Time resting spent in this place.
 E = Time spent auto-exploring this place.
 F = Levels seen in this place.
 G = Mean time per level.
                   A        B        C        D        E       F      G
               +--------+--------+--------+--------+--------+-----+--------+
         Total |   2823 |   2763 |     60 |    115 |   2135 |   4 |  705.8 |
       Dungeon |   2823 |   2763 |     60 |    115 |   2135 |   4 |  705.8 |
               +--------+--------+--------+--------+--------+-----+--------+

Top non-repeatable levels by time:
     D:2: 1135 daAuts
     D:1: 943 daAuts
     D:3: 710 daAuts
     D:4: 33 daAuts
